 Dungeon Crawl Stone Soup version 0.27.1-4-g1640c2035a (webtiles) character file.

Game seed: 7596132386699371768

37 BinkBink the Poker (level 3, -4/28 HPs)
             Began as a Merfolk Gladiator on Oct 31, 2021.
             Killed from afar by Sigmund (11 damage)
             ... with a puff of flame
             ... on level 2 of the Dungeon.
             The game lasted 00:01:59 (951 turns).

BinkBink the Poker (Merfolk Gladiator)               Turns: 951, Time: 00:02:00

Health: -4/28      AC:  4    Str: 14    XL:     3   Next: 41%
Magic:  3/3        EV: 13    Int:  7    God:
Gold:   17         SH:  0    Dex: 16    Spells: 2/2 levels left

rFire    . . .     SeeInvis .   a - +0 trident
rCold    . . .     Faith    .   (no shield)
rNeg     . . .     Spirit   .   b - +0 leather armour
rPois    .         Reflect  .   c - +0 helmet
rElec    .         Harm     .   (no cloak)
rCorr    .         Rampage  .   (no gloves)
Will     .....                  (no boots)
Stlth    +.........             (no amulet)
HPRegen  0.09/turn              (no ring)
MPRegen  0.08/turn              (no ring)

@: no status effects
A: (nimble swimmer 2), mertail
a: no special abilities


You were on level 2 of the Dungeon.
You visited 1 branch of the dungeon, and saw 2 of its levels.

You collected 17 gold pieces.

Inventory:

Hand Weapons
 a - a +0 trident (weapon)
Missiles
 d - 3 throwing nets (quivered)
Armour
 b - a +0 leather armour (worn)
 c - a +0 helmet (worn)
Scrolls
 e - a scroll of enchant armour {unknown}
 g - 2 scrolls of teleportation {unknown}
 h - a scroll of identify {unknown}
 i - 3 scrolls of enchant weapon {unknown}
 j - 2 scrolls of noise {unknown}
Potions
 f - a potion of degeneration {unknown}


   Skills:
 * Level 2.7 Fighting
 + Level 5.4 Polearms
 - Level 2.0 Throwing
 + Level 0.4 Armour
 + Level 4.3 Dodging
 + Level 0.1 Stealth


You had 2 spell levels left.
You didn't know any spells.
Your spell library contained the following spells:

 Spells                   Type           Power      Damage    Failure   Level
 Blink                    Tloc           N/A        N/A       65%         2
 Slow                     Hex            0%         N/A       65%         2
 Confusing Touch          Hex            0%         N/A       87%         3
 Lesser Beckoning         Tloc           0%         N/A       87%         3
 Vampiric Draining        Necr           0%         2d6       87%         3
 Manifold Assault         Tloc           0%         N/A       100%        5


Dungeon Overview and Level Annotations

Branches:
Dungeon (2/15)

Altars:

Shops:
D:1 [

Annotations:
D:2 Sigmund


Innate Abilities, Weirdness & Mutations

((You are quick and stealthy near water. (Stealth+, EV+, Speed+++)))
Your lower body shifts to a powerful aquatic tail in water.


Message History

Found a stone staircase leading down.
A kobold comes into view.
It is wielding a +0 short sword of venom.
The kobold shouts!
You hear a shout!
Sigmund the Dreaded comes into view.
He is wielding a +0 scythe.
There are monsters nearby!
Sigmund shouts!
An endoplasm comes into view.
You closely miss the kobold. The kobold hits you but does no damage.
You are poisoned.
Sigmund casts a spell.
Sigmund flickers and vanishes!
Deactivating autopickup; reactivate with Ctrl-A.
You feel very sick.
You feel sick.
You feel sick.
You closely miss the kobold.
You feel sick. The kobold barely misses you.
You hit the kobold.
You kill the kobold!
You feel sick. Something hits you!
You feel sick.
You feel sick.
A goblin comes into view. It is wielding a +0 club.
You feel sick.
You are no longer poisoned.
You hear some strange, mumbled words.
Something tries to affect you, but you resist.
The endoplasm jiggles.
Sigmund appears from thin air!
Reactivating autopickup.
The endoplasm hits you but does no damage.
Sigmund gestures wildly while chanting.
Sigmund flickers and vanishes!
Deactivating autopickup; reactivate with Ctrl-A.
There is a stone staircase leading up here.
The endoplasm freezes you.
You are frozen.
* * * LOW HITPOINT WARNING * * *
A puff of flame appears from out of thin air!
The puff of flame hits you!
You die...

.###.####....#.####.#.#
). . .....##
##.###......#.# .
.†....# #@# #..###.#.#
.g ##.##.# #.# #..#
#.... ..
#.##.####g###..# ###.#
##.##.......{...#####.#.
...#######.##...........
#### #..............
##....J@........ ##
#.#.#########. .# #.#.#
.# #.#.# .# #.#.# .#
#.#.. ## #.### #.#


You could see an endoplasm and a goblin.

Vanquished Creatures
  3 dart slugs
  3 ball pythons
  2 bats (D:1)
  An endoplasm (D:2)
  A giant cockroach (D:1)
  4 hobgoblins
  4 jackals (D:1)
  4 kobolds
  A quokka (D:1)
  A frilled lizard (D:1)
  2 goblins
26 creatures vanquished.

Notes
Turn   | Place    | Note
-------+----------+-------------------------------------------
     0 | D:1      | BinkBink the Merfolk Gladiator began the quest for the Orb.
     0 | D:1      | Reached XP level 1. HP: 16/16 MP: 1/1
    72 | D:1      | Reached skill level 5 in Polearms
    72 | D:1      | Reached XP level 2. HP: 18/22 MP: 2/2
   340 | D:1      | Found a faded altar of an unknown god.
   379 | D:1      | Found Ufiheic's Armour Boutique.
   476 | D:1      | Reached XP level 3. HP: 26/28 MP: 3/3
   902 | D:2      | Noticed Sigmund
   951 | D:2      | Killed from afar by Sigmund

Illustrated notes

Levels and vault maps discovered:
D:1:      minmay_arrival_up_and_down, layout_rooms, serial_shops, shop,
          shapermc_ecumenical_altar_mp_urbaneastern, serial_curves,
          eino_curves_04, eino_curves_03, minmay_indecisive_spiral
D:2:      layout_loops_ring, uniq_sigmund, uniq_natasha

Skill      XL: |  1 |
---------------+----+-----
Polearms       | 5 |  5.4
Fighting       | |  2.7
Throwing       | |  2.0
Armour         | |  0.4
Dodging        | |  4.3
Stealth        | |  0.1

Action                   || total
-------------------------++-------
Melee: Trident           ||    66
 Stab: Distracted        ||     1
Armor: Leather armour    ||    18
Dodge: Dodged            ||    43
